 Dungeon Crawl Stone Soup version 0.26.1-11-gd32895ea62 (webtiles) character file.

Game seed: 9091917894654156071

97 mankey1987 the Ducker (level 4, -4/44 HPs)
             Began as an Ogre Gladiator on May 28, 2021.
             Slain by Sigmund
             ... wielding a +0 scythe
              (11 damage)
             ... on level 2 of the Dungeon.
             The game lasted 00:02:36 (2486 turns).

mankey1987 the Ducker (Ogre Gladiator)              Turns: 2486, Time: 00:02:36

Health: -4/44      AC:  3    Str: 15 (18) XL:     4   Next: 68%
Magic:  4/4        EV: 11    Int:  7 (9)  God:
Gold:   127        SH:  5    Dex:  9 (11) Spells: 3/3 levels left

rFire    . . .     SeeInvis .     - Unarmed
rCold    . . .     Faith    .   (no shield)
rNeg     . . .     Spirit   .   a - +0 robe
rPois    .         Reflect  +   b - +0 hat
rElec    .         Harm     .   (no cloak)
rCorr    .         Rampage  .   (gloves unavailable)
Will     .....                  (boots unavailable)
Stlth    ..........             k - amulet of reflection
HPRegen  0.14/turn              g - ring of attention (curse)
MPRegen  0.09/turn              (no ring)

@: very slightly contaminated, invisible
A: large, unfitting armour, tough skin 1
a: no special abilities


You were on level 2 of the Dungeon.
You visited 1 branch of the dungeon, and saw 2 of its levels.

You collected 127 gold pieces.

Inventory:

Missiles
 c - 3 throwing nets (quivered)
Armour
 a - a +0 robe (worn)
 b - a +0 hat (worn)
Jewellery
 e - an uncursed ring of ice
 g - a cursed ring of attention (left hand)
 k - an amulet of reflection (around neck)
Wands
 r - a wand of digging (3)
Scrolls
 j - a scroll of teleportation
 l - 3 scrolls of remove curse {unknown}
 n - 2 scrolls of noise {unknown}
 o - a scroll of fog {unknown}
 t - a scroll of fear {unknown}
Potions
 h - a potion of brilliance


   Skills:
 - Level 2.6 Fighting
 - Level 2.0 Throwing
 * Level 4.2 Dodging
 + Level 3.5 Unarmed Combat


You had 3 spell levels left.
You didn't know any spells.
Your spell library was empty.

Dungeon Overview and Level Annotations

Branches:
Dungeon (2/15)

Altars:
Dithmenos

Annotations:
D:2 Sigmund


Innate Abilities, Weirdness & Mutations

You are too large for most types of armour.
You have tough skin. (AC +1)


Message History

It was a potion of magic.
Magic courses through your body.
You hear some strange, mumbled words.
Something tries to affect you, but you resist.
It was a potion of invisibility.
You fade into invisibility!
Something hits you.
You are very lightly contaminated with residual magic.
You barely miss something. You closely miss something.
Something barely misses you.
You barely miss something. You barely miss something. Something hits you.
You hit something but do no damage. Something hits you.
You hit something. You closely miss something. Something hits you.
* * * LOW HITPOINT WARNING * * *
You closely miss something. Something hits you.
* * * LOW HITPOINT WARNING * * *
You barely miss something. You miss something. Something hits you!
You die...

#..... ##....
++## # #..[# ...
#.# #.... ##.#
.. #....
#####..#.##.#
#####
#...........# #.
#.###.#####.# #.
#.# ##@#
#####.###
#.#####{..#
#.......## #...#
..?...........#
###.#
...........)..#
######.# ?......
#.....##
#...##.# .......
#.......
#......#
........#.....##
#...####
..............#
##.##### .(.
.....##.#..#


There were no monsters in sight!

Vanquished Creatures
  Terence (D:2)
  4 adders (D:2)
  A dart slug (D:1)
  4 leopard geckos
  2 giant cockroaches (D:1)
  2 goblins
  6 hobgoblins
  A quokka (D:2)
  A ball python (D:1)
  5 bats
  4 frilled lizards
  2 kobolds (D:1)
  2 rats
35 creatures vanquished.

Notes
Turn   | Place    | Note
-------+----------+-------------------------------------------
     0 | D:1      | mankey1987 the Ogre Gladiator began the quest for the Orb.
     0 | D:1      | Reached XP level 1. HP: 22/22 MP: 1/1
   392 | D:1      | Reached skill level 3 in Dodging
   554 | D:1      | Reached XP level 2. HP: 29/29 MP: 2/2
  1127 | D:2      | Found a shadowy altar of Dithmenos.
  1196 | D:2      | Reached XP level 3. HP: 29/36 MP: 3/3
  1585 | D:2      | Reached XP level 4. HP: 41/44 MP: 4/4
  1963 | D:2      | Noticed Terence
  1988 | D:2      | Killed Terence
  1989 | D:2      | Reached skill level 4 in Dodging
  2466 | D:2      | Noticed Sigmund
  2486 | D:2      | Slain by Sigmund

Illustrated notes

Levels and vault maps discovered:
D:1:      dpeg_arrival_three_bigger_balls, layout_basic
D:2:      layout_loops_cross, grunt_dithmenos_smoke, kennysheep_cluttered_room,
          wander_ebering_terrifying_dragon_lair, uniq_terence, uniq_sigmund

Skill      XL: |  1  2  3  4 |
---------------+-------------+-----
Dodging        | 3 4 |  4.2
Unarmed Combat | 3 |  3.5
Fighting       | |  2.6
Throwing       | |  2.0

Action                   |  1- 3 |  4- 6 || total
-------------------------+-------+-------++-------
Melee: Unarmed           |   120 |    71 ||   191
       Punch             |     2 |     2 ||     4
  Use: Scroll            |     1 |       ||     1
       Potion            |       |     8 ||     8
Armor: Robe              |    35 |     4 ||    39
Dodge: Dodged            |    51 |    37 ||    88
Block: Other             |    20 |    13 ||    33
       Reflection        |     1 |       ||     1
